 Dungeon Crawl Stone Soup version 0.23.2-33-g5129a83184 (webtiles) character file.

Game seed: 2160437345392979944

309 MalarOregon the Digger (level 6, -1/52 HPs)
             Began as a Ghoul Earth Elementalist on July 12, 2019.
             Slain by a bog mummy (7 damage)
             ... in an ossuary.
             The game lasted 00:13:48 (6164 turns).

MalarOregon the Digger (Ghoul Earth Elementalist)   Turns: 6164, Time: 00:13:49

Health: -1/52      AC:  2    Str: 17    XL:     6   Next: 41%
Magic:  9/10       EV: 12    Int: 12    God:
Gold:   133        SH:  5    Dex:  9    Spells: 7/11 levels left

rFire    . . .     SeeInvis .   f - +0 dagger
rCold    + . .     Gourm    .   (no shield)
rNeg     + + +     Faith    .   c - +0 robe
rPois    ∞         Spirit   .   (no helmet)
rElec    .         Reflect  +   (no cloak)
rCorr    .         Harm     .   (no gloves)
MR       .....                  (no boots)
Stlth    ++........             m - +5 amulet of reflection
HPRegen  0.00/turn              i - +5 ring of strength
MPRegen  0.12/turn              (no ring)

@: about to teleport, very slightly contaminated, rotting, hasted, very quick
A: rotting body, claws 1, carnivore, cold resistance 1, negative energy
resistance 3, inhibited regeneration, torment resistance, unbreathing
a: no special abilities


You were in an ossuary.
You were very hungry.

You visited 1 branch of the dungeon, and saw 4 of its levels.
You also visited: Sewer and Ossuary.

You collected 133 gold pieces.

Inventory:

Hand Weapons
 f - a +0 dagger (weapon)
   (You took it off a goblin on level 1 of the Dungeon)
Missiles
 b - 17 stones (quivered)
Armour
 c - a +0 robe (worn)
 q - a +0 pair of gloves
   (You found it on level 2 of the Dungeon)
Jewellery
 i - a +5 ring of strength (left claw)
   (You found it on level 1 of the Dungeon)
 m - a +5 amulet of reflection (around neck)
   (You found it on level 2 of the Dungeon)
Scrolls
 d - a scroll of amnesia {unknown}
 j - a scroll of noise {unknown}
 l - 2 scrolls of fear {unknown}
 n - a scroll of enchant weapon {unknown}
 o - 3 scrolls of teleportation {@r4}
 p - 2 scrolls of identify {unknown}
 r - a scroll of blinking {unknown}
 v - a scroll of remove curse {unknown}
Potions
 a - 2 potions of cancellation {unknown}
 g - 2 potions of haste {@q3}
 h - 2 potions of agility {unknown}
 k - 2 potions of curing {unknown}
 s - a potion of flight {unknown}
 t - 3 potions of magic
Comestibles
 e - 4 rations {!d}


   Skills:
 + Level 3.7 Fighting
 - Level 1.7 Dodging
 - Level 2.1 Stealth
 + Level 3.4 Spellcasting
 + Level 2.1 Conjurations
   Level 0.8 Transmutations
 - Level 4.0 Earth Magic


You had 7 spell levels left.
You knew the following spells:

 Your Spells              Type           Power        Failure   Level  Hunger
a - Sandblast             Erth           ##....       4%          1    #......
x - Stone Arrow           Conj/Erth      #.....       21%         3    ###....

Your spell library contained the following spells:

 Spells                   Type           Power        Failure   Level  Hunger
 Passwall                 Tmut/Erth      #.......     13%         2    ##.....
 Petrify                  Tmut/Erth      #.......     65%         4    #####..
 Lee's Rapid Deconstruct  Erth           ##........   77%         5    ######.


Dungeon Overview and Level Annotations

Branches:
Dungeon (4/15)
 Temple: D:4-7

Altars:
Nemelex Xobeh
The Shining One


Innate Abilities, Weirdness & Mutations

Your body is rotting away.
You thrive on raw meat.
You are immune to poison.
You have sharp fingernails.
You are carnivorous and can eat meat at any time.
Your flesh is cold resistant. (rC+)
You are immune to negative energy. (rN+++)
You do not regenerate when monsters are visible.
You are immune to unholy pain and torment.
You can survive without breathing.


Message History

You are feeling hungry.
You start resting.
A bog mummy comes into view.
A bullfrog zombie comes into view.
You close the door.
A mummy opens the door.
The bullfrog zombie moves out of view.
You close the door.
You start resting.
A mummy opens the door.
You close the door.
The mummy moves out of view.
You start resting.
You close the door.
A bog mummy opens the door.
You close the door.
A mummy opens the door.
You close the door.
A bog mummy opens the door.
There's a creature in the doorway!
Aim: a mummy (hasn't noticed you)
The blast of sand hits the mummy but does no damage.
b - 20 stones
Aim: a mummy The blast of sand misses the mummy.
The blast of sand hits the bog mummy.
b - 19 stones The mummy hits you!
* * * LOW HITPOINT WARNING * * *
Aim: a mummy The stone arrow hits the mummy!
Aim: a mummy (heavily damaged)
You miscast Stone Arrow.
You are very lightly contaminated with residual magic.
You momentarily stiffen.
You are feeling very hungry.
The mummy hits you!
* * * LOW HITPOINT WARNING * * *
Magic courses through your body.
Aim: a mummy (heavily damaged)
The blast of sand hits the mummy.
b - 18 stones
Aim: a mummy (heavily damaged)
The blast of sand hits the mummy but does no damage.
b - 17 stones The mummy barely misses you.
A mummy comes into view.
Aim: a mummy (heavily damaged)
Okay, then.
There is a gate leading back out of this place here.
As you read the scroll labeled PAGREIKLILU, it crumbles to dust.
You feel strangely unstable.
It was a scroll of teleportation.
It was a potion of haste.
You feel yourself speed up. The mummy hits you.
* * * LOW HITPOINT WARNING * * *
The bog mummy hits you!
You die...

.≈ ≈≈ #####≈#
#@..#.+
#MM.#.#
#M..#.+
+##+##'##.###
...........'.#
+#+#+#'#'#+###
#. .# ## ##


You could see 2 mummies and a bog mummy.

Vanquished Creatures
  An ogre (D:3)
  A bullfrog zombie (Ossuary)
  3 mummies (Ossuary)
  A worker ant zombie (Ossuary)
  5 adders
  An adder zombie (Ossuary)
  2 worms (D:3)
  A dart slug (D:1)
  7 orcs
  4 ball pythons
  3 giant cockroaches (D:1)
  6 goblins
  8 hobgoblins
  6 jackals (Sewer)
  4 bats
  7 frilled lizards
  9 kobolds
  6 rats
  2 plants (Sewer)
77 creatures vanquished.

Vanquished Creatures (others)
  2 withered plants (Ossuary)
2 creatures vanquished.

Grand Total: 79 creatures vanquished

Notes
Turn   | Place    | Note
-------+----------+-------------------------------------------
     0 | D:1      | MalarOregon the Ghoul Earth Elementalist began the quest
                  | for the Orb.
     0 | D:1      | Reached XP level 1. HP: 14/14 MP: 2/2
   247 | D:1      | Reached XP level 2. HP: 22/22 MP: 4/4
   347 | D:1      | Reached skill level 1 in Fighting
  1238 | D:2      | Found a sparkling altar of Nemelex Xobeh.
  1261 | D:1      | Reached XP level 3. HP: 14/27 MP: 0/5
  2548 | D:2      | Found a glowing golden altar of the Shining One.
  2645 | D:3      | Reached skill level 4 in Earth Magic
  2650 | D:3      | Learned a level 3 spell: Stone Arrow
  2655 | D:3      | Found a glowing drain.
  2697 | Sewer    | Entered a sewer
  2702 | Sewer    | Reached XP level 4. HP: 32/36 MP: 3/6
  4452 | D:2      | Reached skill level 1 in Conjurations
  4903 | D:3      | Reached XP level 5. HP: 26/42 MP: 3/8
  5101 | D:3      | Found a faded altar of an unknown god.
  5468 | D:4      | Found a sand-covered staircase.
  5468 | D:4      | Noticed an ogre
  5474 | D:3      | Killed an ogre
  5590 | Ossuary  | Entered an ossuary
  5617 | Ossuary  | Reached XP level 6. HP: 12/51 MP: 5/9
  6164 | Ossuary  | Slain by a bog mummy

Skill      XL: |  1  2  3  4  5  6 |
---------------+-------------------+-----
Spellcasting   | 2 3 |  3.4
Fighting       | 1 2 3 |  3.7
Earth Magic    | 4 |  4.0
Conjurations   | 1 2 |  2.1
Dodging        | |  1.7
Stealth        | |  2.1
Transmutations | |  0.8

Action                   |  1- 3 |  4- 6 || total
-------------------------+-------+-------++-------
Melee: Unarmed           |    11 |       ||    11
       Dagger            |   192 |   621 ||   813
 Cast: Sandblast         |    17 |    27 ||    44
       Stone Arrow       |       |    20 ||    20
  Use: Potion            |       |     3 ||     3
       Scroll            |       |     1 ||     1
 Stab: Sleeping          |     3 |       ||     3
       Distracted        |       |     1 ||     1
  Eat: Chunk             |     8 |    10 ||    18
       Ration            |       |     2 ||     2
Armor: Robe              |    32 |    27 ||    59
Dodge: Dodged            |   123 |   147 ||   270
Block: Other             |    22 |    57 ||    79
       Reflection        |       |     3 ||     3
